 Dungeon Crawl Stone Soup version 0.32-a0-876-gcfddb08e57 (webtiles) character file.

Game seed: 6890020036999667803

44 Tenz the Trooper (level 3, -3/29 HPs)
             Began as a Demonspawn Fighter on Mar 31, 2024.
             Slain by Jessica
             ... wielding a +5 dagger of venom
              (6 damage)
             ... on level 2 of the Dungeon.
             The game lasted 00:01:33 (1089 turns).

Tenz the Trooper (Demonspawn Fighter)               Turns: 1089, Time: 00:01:35

Health: -3/29      AC:  6    Str: 16    XL:     3   Next: 39%
Magic:  3/3        EV:  7    Int:  8    God:
Gold:   125        SH:  4    Dex: 14    Spells: 2/2 levels left

rFire   . . .        a - +0 rapier
rCold   . . .        c - +0 buckler
rNeg    . . .        b - +0 scale mail
rPois   .            (helmet restricted)
rElec   .            (no cloak)
rCorr   .            (no gloves)
SInv    .            (no boots)
Will    .....        (no amulet) Stlth
                     (no ring)
HPRegen 0.24/turn    (no ring)
MPRegen 0.08/turn

%: no passive effects
@: lethally poisoned (-3 -> -21)
A: antennae 1
a: no special abilities


You were on level 2 of the Dungeon.
You visited 1 branch of the dungeon, and saw 2 of its levels.

You collected 125 gold pieces.

Inventory:

Hand Weapons
 a - a +0 rapier (weapon)
Armour
 b - a +0 scale mail (worn)
 c - a +0 buckler (worn)
Scrolls
 e - a scroll of blinking {unknown}
 f - a scroll of amnesia {unknown}
 h - a scroll of immolation {unknown}
 k - a scroll of poison {unknown}
 l - a scroll of teleportation {unknown}
 n - a scroll of vulnerability {unknown}
 o - a scroll of fog {unknown}
Potions
 d - a potion of might
 g - a potion of mutation {unknown}
 i - 3 potions of degeneration {unknown}
 j - a potion of magic {unknown}
 m - a potion of haste {unknown}


   Skills:
 + Level 3.4 Fighting
 + Level 2.3 Short Blades
 + Level 3.0 Armour
 + Level 3.1 Shields


You had 2 spell levels left.
You didn't know any spells.
Your spell library was empty.

Dungeon Overview and Level Annotations

Branches:
Dungeon (2/15)

Altars:

Annotations:
D:2 Jessica


Innate Abilities, Weirdness & Mutations

You have a pair of small antennae on your head.


Message History

Jessica shouts, "You're disturbing me!
I'll have to kill you!"
You hear a bark!
Found 6 poisoned darts. 3 jackals come into view.
The jackal barks! x2
A jackal comes into view.
The jackal moves out of view.
The jackal barks!
You block Jessica's attack.
A rat comes into view.
You hit Jessica.
Jessica is severely wounded.
You block Jessica's attack.
You hit Jessica but do no damage.
Jessica is severely wounded.
Jessica hits you with a +5 dagger of venom.
You are poisoned.
The jackal bites you but does no damage.
The jackal barely misses you. You block Jessica's attack.
You closely miss Jessica.
Jessica is severely wounded.
You feel very sick. The jackal barely misses you.
The jackal bites you but does no damage. x2
The jackal bites you.
Jessica hits you with a +5 dagger of venom.
You are lethally poisoned!
You barely miss Jessica.
Jessica is severely wounded.
You feel very sick.
Jessica hits you with a +5 dagger of venom.
You are more poisoned.
The jackal bites you but does no damage.
You hit Jessica but do no damage.
Jessica is severely wounded.
* * * LOW HITPOINT WARNING * * *
You feel very sick.
The jackal bites you but does no damage. x4
Jessica hits you with a +5 dagger of venom.
You die...

#...##........ #...........#.
#...##........ #####.##.......
#............. #..<...........
#...##.###########.######.......
#...##.# #....# ###.##.#
######.# ###.#### #....#.# #.#
###.....# #.##.#.#
#######.####.......# #.##.#.#
..........##.##h@h.# #.##...#
#######.#....##h@h.# #.###### ##
###....####....# #[......
.####.....## #...r# ########
>.....#.#.# ...... #######...#
.(.##... ##### ... .... ....
.....


You could see Jessica, 4 jackals and a rat.

Vanquished Creatures
  An adder (D:2)
  A dart slug (D:2)
  2 bats
  4 endoplasms
  2 goblins (D:1)
  6 hobgoblins
  3 jackals (D:1)
  2 quokkas
  2 ball pythons (D:1)
  3 kobolds
  2 rats (D:1)
28 creatures vanquished.

Notes
Turn   | Place    | Note
-------+----------+-------------------------------------------
     0 | D:1      | Tenz the Demonspawn Fighter began the quest for the Orb.
     0 | D:1      | Reached XP level 1. HP: 18/18 MP: 1/1
   160 | D:1      | Discovered your monstrous ancestry.
   160 | D:1      | Gained mutation: You have a pair of small antennae on your
                  | head. [demonic ancestry]
   160 | D:1      | Reached XP level 2. HP: 24/24 MP: 2/2
   589 | D:2      | Reached XP level 3. HP: 19/29 MP: 3/3
  1081 | D:2      | Noticed Jessica
  1089 | D:2      | Slain by Jessica

Illustrated notes

Levels and vault maps discovered:
D:1:      amcnicky_arrival_choice, layout_rooms
D:2:      layout_basic, uniq_jessica

Skill      XL: |  1  2 |
---------------+-------+-----
Short Blades   | 2 |  2.3
Shields        | 3 |  3.1
Armour         | 3 |  3.0
Fighting       | |  3.4

Action                     || total
---------------------------++-------
  Melee: Rapier            ||    98
 Armour: Scale mail        ||    64
  Dodge: Dodged            ||    32
  Block: Buckler           ||    22

Table legend: (Time is in decaauts)
 A = Elapsed time spent in this place.
 B = Non-inter-level travel time spent in this place.
 C = Inter-level travel time spent in this place.
 D = Time resting spent in this place.
 E = Time spent auto-exploring this place.
 F = Levels seen in this place.
 G = Mean time per level.
                   A        B        C        D        E       F      G
               +--------+--------+--------+--------+--------+-----+--------+
         Total |   1102 |   1085 |     17 |      0 |    869 |   2 |  551.0 |
       Dungeon |   1102 |   1085 |     17 |      0 |    869 |   2 |  551.0 |
               +--------+--------+--------+--------+--------+-----+--------+

Top non-repeatable levels by time:
     D:2: 637 daAuts
     D:1: 465 daAuts
